 Dungeon Crawl Stone Soup version 0.27-a0-1347-gd8886f0a89 (webtiles) character file.

Game seed: 2018997542472274065

1018 Towns the Shield-Bearer (level 8, -24/54 HPs)
             Began as an Octopode Transmuter on June 27, 2021.
             Was an Elder of Ru.
             Annihilated by a boulder beetle (50 damage)
             ... on level 6 of the Dungeon.
             The game lasted 00:49:35 (6874 turns).

Towns the Shield-Bearer (Octopode Transmuter)       Turns: 6874, Time: 00:49:35

Health: -24/54     AC:  5    Str: 10    XL:     8   Next: 22%
Magic:  7/11       EV: 11    Int: 16    God:    Ru [****..]
Gold:   236        SH: 11    Dex: 13    Spells: 11/12 levels left

rFire    . . .     SeeInvis .     - Unarmed
rCold    . . .     Faith    .   e - +2 kite shield
rNeg     . . .     Spirit   .   (helmet currently unavailable)
rPois    .         Reflect  .   (no amulet)
rElec    .         Harm     .   k - ring of protection from fire
rCorr    .         Rampage  .   p - ring of protection from cold
Will     .....                  w - +4 ring of protection
Stlth    +++.......             (no ring)
HPRegen  0.18/turn              (no ring)
MPRegen  0.12/turn              (no ring)
                                (no ring)
                                (no ring)

@: exhausted, appendages (expiring)
A: tentacle spike 3, almost no armour, amphibious, 8 rings, camouflage 1,
gelatinous body 1, hated by all, temperature sensitive, (nimble swimmer 1),
tentacles
a: End Transformation, Renounce Religion, Draw Out Power, Power Leap


You were on level 6 of the Dungeon.
You worshipped Ru.
Ru was greatly pleased with you.
One of your tentacles had grown a beastly spike.
You visited 2 branches of the dungeon, and saw 7 of its levels.

You collected 236 gold pieces.

Inventory:

Missiles
 s - 10 stones (quivered)
 v - 25 sling bullets
Armour
 e - a +2 kite shield (worn)
Jewellery
 b - an amulet of faith
 k - a ring of protection from fire (left tentacle)
 p - a ring of protection from cold (right tentacle)
 w - a +4 ring of protection (on tentacle)
 x - a ring of ice
Wands
 m - a wand of digging (5)
 y - a wand of paralysis (7)
Scrolls
 a - a scroll of blinking
 c - a scroll of magic mapping {unknown}
 f - a scroll of brand weapon {unknown}
 h - a scroll of fear {unknown}
 j - a scroll of enchant armour {unknown}
 l - a scroll of teleportation {unknown}
 o - a scroll of noise
 q - a scroll of amnesia {unknown}
 r - a scroll of enchant weapon {unknown}
 u - a scroll of holy word {unknown}
Potions
 d - a potion of might
 g - a potion of ambrosia
 i - a potion of curing
 n - a potion of lignification
 t - a potion of magic
 A - a potion of attraction {unknown}


   Skills:
 + Level 4.7 Fighting
 - Level 2.0 Dodging
 - Level 2.2 Stealth
 * Level 5.5 Shields
 + Level 4.4 Unarmed Combat
 + Level 2.5 Spellcasting
 - Level 4.0 Transmutations


You had 11 spell levels left.
You knew the following spells:

 Your Spells              Type           Power      Damage    Failure   Level
a - Beastly Appendage     Tmut           28%        N/A       13%         1

Your spell library contained the following spells:

 Spells                   Type           Power      Damage    Failure   Level
 Wereblood                Tmut           14%        N/A       19%         2
 Spider Form              Tmut/Pois      4%         N/A       65%         3
 Ice Form                 Ice/Tmut       8%         N/A       96%         4


Dungeon Overview and Level Annotations

Branches:
Dungeon (6/15)             Temple (1/1) D:4

Altars:
Ashenzari
Dithmenos
Elyvilon
Hepliaklqana
Kikubaaqudgha
Okawaru
Qazlal
Ru
Sif Muna
Trog
Uskayaw
Vehumet
Wu Jian
Xom
Yredelemnul

Shops:
D:1 [!:


Innate Abilities, Weirdness & Mutations

One of your tentacles has grown a beastly spike.
You cannot wear most types of armour.
You are amphibious.
You can wear up to eight rings at the same time.
Your skin changes colour to match your surroundings (Stealth+).
Your rubbery body absorbs attacks. (AC +1, EV +1)
You are hated by all.
You are sensitive to extremes of temperature. (rF-, rC-)
((You are camouflaged near water. (Stealth+)))
You have tentacles for arms and can constrict up to eight enemies at once.


Message History

You pierce the boulder beetle, but do no damage.
You squeeze the boulder beetle, but do no damage.
The boulder beetle is lightly wounded.
You redirect the boulder beetle's attack!
The boulder beetle bites itself but does no damage.
You tentacle-slap the boulder beetle but do no damage.
You pierce the boulder beetle, but do no damage.
You squeeze the boulder beetle, but do no damage.
The boulder beetle is lightly wounded.
You redirect the boulder beetle's attack!
The boulder beetle bites itself but does no damage.
You tentacle-slap the boulder beetle but do no damage.
You pierce the boulder beetle, but do no damage.
Your squeeze misses the boulder beetle.
The boulder beetle is lightly wounded.
The boulder beetle leaps!
The boulder beetle begins to attack, but is stunned by your conviction!
Aiming: Power Leap
Press: ? - help, Dir - move target The boulder beetle bites you!!
Ouch! That really hurt!
* * * LOW HITPOINT WARNING * * *
You're too exhausted to draw out your power.
Your transformation is almost over.
You are too injured to fight recklessly!
You feel much better. You block the boulder beetle's attack.
You tentacle-slap the boulder beetle but do no damage.
The boulder beetle is moderately wounded.
The boulder beetle barely misses you. The boulder beetle closely misses you.
You tentacle-slap the boulder beetle but do no damage.
You pierce the boulder beetle, but do no damage.
You squeeze the boulder beetle, but do no damage.
The boulder beetle is moderately wounded.
The boulder beetle leaps!
The boulder beetle begins to attack, but is stunned by your conviction!
There is a stone staircase leading up here.
The boulder beetle curls into a ball and begins rolling!
The boulder beetle hits you!!!
Ouch! That really hurt!
You die...

### ##<##
#...# #.8.#
#..@# ##B##
#######.##
##...##...#
#<.8†.'.8.+
##...##...#
#######+##


You could see a boulder beetle (rolling).

Vanquished Creatures
  Duvessa (D:5)
  A black bear (D:4)
  A necrophage (D:4)
  A phantom (D:4)
  A bullfrog (D:6)
  A scorpion (D:4)
  Dowan (D:5)
  A bullfrog zombie (D:5)
  Crazy Yiuf (D:5)
  A centaur zombie (D:4)
  3 hounds (D:5)
  A jelly (D:4)
  A centaur skeleton (D:4)
  2 iguanas
  3 gnolls (D:4)
  5 adders
  A howler monkey skeleton (D:4)
  3 ufetubi (D:5)
  2 adder skeletons (D:4)
  3 worms
  3 dart slugs
  3 bats
  2 endoplasms
  4 giant cockroaches
  7 goblins
  7 hobgoblins
  14 jackals
  A quokka (D:1)
  10 ball pythons
  8 frilled lizards
  7 kobolds
  5 rats
105 creatures vanquished.

Vanquished Creatures (others)
  A jackal (D:4)
  12 plants
13 creatures vanquished.

Grand Total: 118 creatures vanquished

Notes
Turn   | Place    | Note
-------+----------+-------------------------------------------
     0 | D:1      | Towns the Octopode Transmuter began the quest for the Orb.
     0 | D:1      | Reached XP level 1. HP: 13/13 MP: 3/3
   112 | D:1      | Reached XP level 2. HP: 15/18 MP: 1/5
   426 | D:1      | Found Egigyk's Distillery.
   522 | D:1      | Found Ahununul's Armour Shop.
   932 | D:1      | Reached XP level 3. HP: 22/24 MP: 4/6
  1408 | D:1      | Found Ogirch's Book Emporium.
  1715 | D:2      | Found a hide-covered altar of Uskayaw.
  1939 | D:2      | Found a faded altar of an unknown god.
  1975 | D:2      | Reached XP level 4. HP: 30/30 MP: 5/7
  2018 | D:2      | Became a worshipper of Ru the Awakened
  2019 | D:2      | Upgraded the game from 0.27-a0-1334-g2746e35aca to
                  | 0.27-a0-1347-gd8886f0a89
  2036 | D:2      | Gained mutation: You are sensitive to extremes of
                  | temperature. (rF-, rC-) [Ru sacrifice]
  2036 | D:2      | Reached * piety under Ru
  2036 | D:2      | Reached ** piety under Ru
  2302 | D:2      | Reached skill level 1 in Shields
  2798 | D:3      | Reached skill level 1 in Stealth
  2866 | D:3      | Reached XP level 5. HP: 23/36 MP: 6/8
  3176 | D:4      | Reached skill level 2 in Shields
  3337 | D:4      | Identified the +0 robe "Muutogine" {Fly}
  3743 | D:4      | Found a basalt altar of Yredelemnul.
  3750 | D:4      | Found a staircase to the Ecumenical Temple.
  3944 | Temple   | Entered the Ecumenical Temple
  4031 | D:4      | Noticed a necrophage
  4054 | D:4      | Killed a necrophage
  4055 | D:4      | Reached skill level 3 in Shields
  4055 | D:4      | Reached XP level 6. HP: 38/42 MP: 7/9
  4924 | D:4      | Noticed a black bear
  5020 | D:4      | Killed a black bear
  5021 | D:4      | Reached skill level 4 in Shields
  5021 | D:4      | Reached XP level 7. HP: 43/48 MP: 10/10
  5268 | D:4      | HP: 2/48 [phantom (9)]
  5645 | D:5      | Entered Level 5 of the Dungeon
  5958 | D:5      | Noticed Dowan
  6200 | D:5      | Gained mutation: You are hated by all. [Ru sacrifice]
  6200 | D:5      | Reached *** piety under Ru
  6200 | D:5      | Reached **** piety under Ru
  6260 | D:5      | Noticed Duvessa
  6287 | D:5      | Killed Dowan
  6288 | D:5      | Reached skill level 5 in Shields
  6389 | D:5      | Found an ornate altar of the Wu Jian Council.
  6516 | D:5      | Killed Duvessa
  6517 | D:5      | Reached XP level 8. HP: 46/54 MP: 9/11
  6613 | D:5      | Found a runed translucent door.
  6614 | D:5      | Noticed Crazy Yiuf
  6625 | D:5      | Killed Crazy Yiuf
  6843 | D:6      | Noticed a boulder beetle
  6874 | D:6      | Annihilated by a boulder beetle

Illustrated notes

Levels and vault maps discovered:
D:1:      lightli_arrival_statuegarden, layout_basic, serial_shops,
          nicolae_shop_trees, nicolae_shop_competitors_out_of_business,
          shop_statue, minmay_misc_feat_enclosed
D:2:      layout_basic, basic_altar, shapermc_ecumenical_altar_totnotflames,
          minmay_door_square, corexii_hall_statues_x
D:3:      layout_rooms
D:4:      layout_basic, kennysheep_mini_moat, minmay_temple_entry_antechambers,
          chequers_big_river, kennysheep_nondescript, grunt_decor_junction
D:5:      cheibrodos_iron_armory, layout_cave_pools, old_standard_altar,
          minmay_fractal_squares_gapless_5, uniq_duvessa,
          uniq_crazy_yiuf_cottage
D:6:      layout_rooms, overflow_temple_1_default, nicolae_elemental_shop,
          grunt_ministairs_5, grunt_decor_mini_mirrors, minmay_ogre_servants
Temple:   cyrus_circular_temple

Skill      XL: |  1  2  3  4  5  6  7  8 |
---------------+-------------------------+-----
Fighting       | 2 3 4 |  4.7
Unarmed Combat | 4 |  4.4
Shields        | 1 3 4 5 |  5.5
Stealth        | 1 2 |  2.2
Transmutations | 3 4 |  4.0
Dodging        | |  2.0
Spellcasting   | |  2.5

Action                   |  1- 3 |  4- 6 |  7- 9 || total
-------------------------+-------+-------+-------++-------
Melee: Unarmed           |   101 |   115 |    91 ||   307
       Constrict         |    29 |    30 |    14 ||    73
       Tentacles         |     5 |    27 |    20 ||    52
       Kick              |    15 |    17 |    23 ||    55
       Punch             |     2 |     4 |     5 ||    11
Throw: Stone             |       |     8 |     4 ||    12
 Cast: Beastly Appendage |    11 |    14 |    15 ||    40
Invok: Sacrifice Resista |       |     1 |       ||     1
       Sacrifice Love    |       |       |     1 ||     1
       Power Leap        |       |       |     1 ||     1
  Use: Scroll            |       |     4 |     1 ||     5
       Potion            |       |       |     5 ||     5
 Stab: Sleeping          |     2 |    11 |     2 ||    15
       Invisible         |       |       |     1 ||     1
Armor: Skin              |     5 |     5 |     7 ||    17
Dodge: Dodged            |    64 |    53 |    27 ||   144
Block: Kite shield       |       |    15 |    49 ||    64

Table legend: (Time is in decaauts)
 A = Elapsed time spent in this place.
 B = Non-inter-level travel time spent in this place.
 C = Inter-level travel time spent in this place.
 D = Time resting spent in this place.
 E = Time spent auto-exploring this place.
 F = Levels seen in this place.
 G = Mean time per level.
                   A        B        C        D        E       F      G
               +--------+--------+--------+--------+--------+-----+--------+
         Total |   6884 |   6576 |    308 |   2181 |   2081 |   7 |  983.4 |
       Dungeon |   6822 |   6522 |    300 |   2181 |   2029 |   6 | 1137.0 |
        Temple |     61 |     53 |      8 |      0 |     52 |   1 |   61.0 |
               +--------+--------+--------+--------+--------+-----+--------+

Top non-repeatable levels by time:
     D:4: 2563 daAuts
     D:1: 1565 daAuts
     D:2: 989 daAuts
     D:5: 833 daAuts
     D:3: 739 daAuts
     D:6: 131 daAuts
  Temple: 61 daAuts
